| TOP OF THE 1ST |
|
Pawtucket Red Sox batting - Pitching for Columbus Clippers : RHP Fred Huber
|
|
Pitching: RHP Fred Huber
|
|
|
Batting: RHB Matt Hinkle
|
0-0: Ball 1-0: Foul Ball, location: 2F 1-1: Called Strike 1-2: Ground out 3-1 (Groundball, 34S, EV 81.9 MPH)
|
|
Batting: RHB Tony Nunez
|
0-0: Ball 1-0: Called Strike 1-1: Ball 2-1: Foul Ball, location: 2F 2-2: Ball 3-2: Strikes out swinging
|
|
Batting: RHB Dave Burwell
|
0-0: Ground out 6-3 (Groundball, 6, EV 79.4 MPH)
|
| Top of the 1st over - 0 runs, 0 hits, 0 errors, 0 left on base; Pawtucket 0 - Columbus 0 |
| BOTTOM OF THE 1ST |
|
Columbus Clippers batting - Pitching for Pawtucket Red Sox : RHP Roberto Morales
|
|
Pitching: RHP Roberto Morales
|
|
|
Batting: RHB Jason Sher
|
0-0: Ball 1-0: Ground out 3-1 (Groundball, 13, EV 88.8 MPH)
|
|
Batting: LHB Jesus Lozano
|
0-0: Ball 1-0: Fly out, F8 (Flyball, 8RD, EV 93.1 MPH)
|
|
Batting: LHB Zack Berney
|
0-0: Swinging Strike 0-1: Ball 1-1: Ball 2-1: Ground out U3 (Groundball, 13, EV 86.9 MPH)
|
| Bottom of the 1st over - 0 runs, 0 hits, 0 errors, 0 left on base; Pawtucket 0 - Columbus 0 |
| TOP OF THE 2ND |
|
Pawtucket Red Sox batting - Pitching for Columbus Clippers : RHP Fred Huber
|
|
Batting: RHB Joe Sandoval
|
0-0: Ball 1-0: Ball 2-0: Called Strike 2-1: Fly out, F8 (Line Drive, 78M, EV 93.1 MPH)
|
|
Batting: RHB Rodolfo Contreras
|
0-0: Called Strike 0-1: Called Strike 0-2: Ball 1-2: Ground out 5-3 (Groundball, 5, EV 81.9 MPH)
|
|
Batting: LHB Frank Olivo
|
0-0: Fly out, F9 (Flyball, 9, EV 93.8 MPH)
|
| Top of the 2nd over - 0 runs, 0 hits, 0 errors, 0 left on base; Pawtucket 0 - Columbus 0 |
| BOTTOM OF THE 2ND |
|
Columbus Clippers batting - Pitching for Pawtucket Red Sox : RHP Roberto Morales
|
|
Batting: LHB Zion Davidson
|
0-0: Swinging Strike 0-1: Ball 1-1: SINGLE (Flyball, 8LS, EV 91.2 MPH)
|
|
Batting: RHB Mike Quackenbush
|
0-0: Called Strike 0-1: Called Strike Zion Davidson steals 2nd base 0-2: Ball 1-2: Ball 2-2: Ball 3-2: Ground out 6-3 (Groundball, 6, EV 98.8 MPH)
|
|
Batting: RHB Chad Thompson
|
0-0: Ball 1-0: Ball 2-0: Ground out 5-3 (Groundball, 56, EV 86.9 MPH)
|
|
Batting: RHB Kyle Scruggs
|
0-0: Ball 1-0: Foul Ball, location: 2F 1-1: Ground out 4-3 (Groundball, 6M, EV 90.6 MPH)
|
| Bottom of the 2nd over - 0 runs, 1 hit, 0 errors, 1 left on base; Pawtucket 0 - Columbus 0 |
| TOP OF THE 3RD |
|
Pawtucket Red Sox batting - Pitching for Columbus Clippers : RHP Fred Huber
|
|
Batting: RHB Brandon Perris
|
0-0: Ball 1-0: Called Strike 1-1: Called Strike 1-2: Strikes out swinging
|
|
Batting: RHB Roberto Morales
|
0-0: Called Strike 0-1: Ball 1-1: Called Strike 1-2: Ball 2-2: Strikes out swinging
|
|
Batting: RHB Neil Mautone
|
0-0: Swinging Strike 0-1: Ball 1-1: Foul Ball, location: 2F 1-2: Strikes out swinging
|
| Top of the 3rd over - 0 runs, 0 hits, 0 errors, 0 left on base; Pawtucket 0 - Columbus 0 |
| BOTTOM OF THE 3RD |
|
Columbus Clippers batting - Pitching for Pawtucket Red Sox : RHP Roberto Morales
|
|
Batting: RHB George Wagner
|
0-0: Called Strike 0-1: Ball 1-1: Ground out 5-3 (Groundball, 56S, EV 71.9 MPH)
|
|
Batting: SHB Scott Scott
|
0-0: Swinging Strike 0-1: Ball 1-1: Called Strike 1-2: Ball 2-2: Strikes out looking
|
|
Batting: RHB Jason Sher
|
0-0: Ball 1-0: Called Strike 1-1: Ball 2-1: Called Strike 2-2: Ground out 5-3 (Groundball, 56, EV 97.5 MPH)
|
| Bottom of the 3rd over - 0 runs, 0 hits, 0 errors, 0 left on base; Pawtucket 0 - Columbus 0 |
| TOP OF THE 4TH |
|
Pawtucket Red Sox batting - Pitching for Columbus Clippers : RHP Fred Huber
|
|
Batting: RHB Matt Hinkle
|
0-0: Ball 1-0: Foul Ball, location: 2F 1-1: Foul Ball, location: 2F 1-2: Ground out 1-3 (Groundball, 13S, EV 77.5 MPH)
|
|
Batting: RHB Tony Nunez
|
0-0: Ball 1-0: Ground out 6-3 (Groundball, 6, EV 100.6 MPH)
|
|
Batting: RHB Dave Burwell
|
0-0: Called Strike 0-1: Ball 1-1: Ground out 5-3 (Groundball, 56, EV 92.5 MPH)
|
| Top of the 4th over - 0 runs, 0 hits, 0 errors, 0 left on base; Pawtucket 0 - Columbus 0 |
| BOTTOM OF THE 4TH |
|
Columbus Clippers batting - Pitching for Pawtucket Red Sox : RHP Roberto Morales
|
|
Batting: LHB Jesus Lozano
|
0-0: Ball 1-0: Ball 2-0: Called Strike 2-1: Ball 3-1: Ground out 4-3 (Groundball, 4, EV 75.6 MPH)
|
|
Batting: LHB Zack Berney
|
0-0: Called Strike 0-1: Foul Ball, location: 2F 0-2: Strikes out looking
|
|
Batting: LHB Zion Davidson
|
0-0: Called Strike 0-1: Swinging Strike 0-2: Strikes out looking
|
| Bottom of the 4th over - 0 runs, 0 hits, 0 errors, 0 left on base; Pawtucket 0 - Columbus 0 |
| TOP OF THE 5TH |
|
Pawtucket Red Sox batting - Pitching for Columbus Clippers : RHP Fred Huber
|
|
Batting: RHB Joe Sandoval
|
0-0: Called Strike 0-1: Swinging Strike 0-2: Ball 1-2: Foul Ball, location: 2F 1-2: Ball 2-2: Ground out 6-3 (Groundball, 56, EV 80.6 MPH)
|
|
Batting: RHB Rodolfo Contreras
|
0-0: Foul Ball, location: 2F 0-1: Ground out 4-3 (Groundball, 4M, EV 88.8 MPH)
|
|
Batting: LHB Frank Olivo
|
0-0: Called Strike 0-1: Fly out, F6 (Popup, 4MD, EV 50.6 MPH)
|
| Top of the 5th over - 0 runs, 0 hits, 0 errors, 0 left on base; Pawtucket 0 - Columbus 0 |
| BOTTOM OF THE 5TH |
|
Columbus Clippers batting - Pitching for Pawtucket Red Sox : RHP Roberto Morales
|
|
Batting: RHB Mike Quackenbush
|
0-0: Called Strike 0-1: Ball 1-1: Ball 2-1: SINGLE (Line Drive, 7S, EV 103.1 MPH)
|
|
Batting: RHB Chad Thompson
|
0-0: Called Strike 0-1: Ball 1-1: Ball 2-1: Fly out, F9 (Flyball, 9S, EV 90.0 MPH)
|
|
Batting: RHB Kyle Scruggs
|
0-0: Ball 1-0: Called Strike 1-1: Fielders Choice at 2nd, 5-4 (Groundball, 56S, EV 92.5 MPH)
|
|
Batting: RHB George Wagner
|
0-0: Ball 1-0: Ball 2-0: Fly out, F9 (Line Drive, 9, EV 90.0 MPH)
|
| Bottom of the 5th over - 0 runs, 1 hit, 0 errors, 1 left on base; Pawtucket 0 - Columbus 0 |
| TOP OF THE 6TH |
|
Pawtucket Red Sox batting - Pitching for Columbus Clippers : RHP Fred Huber
|
|
Batting: RHB Brandon Perris
|
0-0: Foul Ball, location: 2F 0-1: Called Strike 0-2: Strikes out swinging
|
|
Batting: RHB Roberto Morales
|
0-0: Ball 1-0: Called Strike 1-1: Ball 2-1: Foul Ball, location: 2F 2-2: Foul Ball, location: 2F 2-2: Ball 3-2: Strikes out swinging
|
|
Batting: RHB Neil Mautone
|
0-0: Called Strike 0-1: Ball 1-1: Ball 2-1: Swinging Strike 2-2: Strikes out swinging
|
| Top of the 6th over - 0 runs, 0 hits, 0 errors, 0 left on base; Pawtucket 0 - Columbus 0 |
| BOTTOM OF THE 6TH |
|
Columbus Clippers batting - Pitching for Pawtucket Red Sox : RHP Roberto Morales
|
|
Batting: SHB Scott Scott
|
0-0: Ball 1-0: Ground out 4-3 (Groundball, 4, EV 103.1 MPH)
|
|
Batting: RHB Jason Sher
|
0-0: Called Strike 0-1: Swinging Strike 0-2: Ball 1-2: Foul Ball, location: 2F 1-2: Ball 2-2: Foul Ball, location: 2F 2-2: Foul Ball, location: 2F 2-2: Ball 3-2: Ground out 6-3 (Groundball, 6S, EV 86.9 MPH)
|
|
Batting: LHB Jesus Lozano
|
0-0: Called Strike 0-1: Ball 1-1: Ground out 5-3 (Groundball, 6, EV 89.4 MPH)
|
| Bottom of the 6th over - 0 runs, 0 hits, 0 errors, 0 left on base; Pawtucket 0 - Columbus 0 |
| TOP OF THE 7TH |
|
Pawtucket Red Sox batting - Pitching for Columbus Clippers : RHP Fred Huber
|
|
Batting: RHB Matt Hinkle
|
0-0: Called Strike 0-1: Foul Ball, location: 2F 0-2: Ball 1-2: Ball 2-2: SINGLE (Line Drive, 7LS, EV 90.6 MPH)
|
|
Batting: RHB Tony Nunez
|
0-0: Called Strike Matt Hinkle steals 2nd base 0-1: SINGLE (Flyball, 8LS, EV 90.0 MPH) Matt Hinkle to third
|
|
Batting: RHB Dave Burwell
|
0-0: Foul Ball, location: 2F 0-1: Ball 1-1: Foul Ball, location: 2F 1-2: Foul Ball, location: 2F 1-2: Strikes out swinging
|
|
Batting: RHB Joe Sandoval
|
0-0: Called Strike 0-1: Grounds into double play, 6-4-3 (Groundball, 6MD, EV 105.6 MPH)
|
| Top of the 7th over - 0 runs, 2 hits, 0 errors, 1 left on base; Pawtucket 0 - Columbus 0 |
| BOTTOM OF THE 7TH |
|
Columbus Clippers batting - Pitching for Pawtucket Red Sox : RHP Roberto Morales
|
|
Batting: LHB Zack Berney
|
0-0: Ball 1-0: Called Strike 1-1: DOUBLE (Flyball, 89XD, EV 111.9 MPH)
|
|
Batting: LHB Zion Davidson
|
0-0: Swinging Strike 0-1: Ball 1-1: Ball 2-1: Foul Ball, location: 2F 2-2: Fly out, F7 (Flyball, 78S, EV 92.5 MPH)
|
|
Batting: RHB Mike Quackenbush
|
0-0: SINGLE (Groundball, 56S, EV 68.8 MPH) (infield hit) Zack Berney to third
|
|
Batting: RHB Chad Thompson
|
0-0: Ball 1-0: Ball 2-0: Foul Ball, location: 2F 2-1: Bunted foul 2-2: Foul Ball, location: 2F 2-2: Grounds into double play, 4-6-3 (Groundball, 34, EV 90.6 MPH)
|
| Bottom of the 7th over - 0 runs, 2 hits, 0 errors, 1 left on base; Pawtucket 0 - Columbus 0 |
| TOP OF THE 8TH |
|
Pawtucket Red Sox batting - Pitching for Columbus Clippers : RHP Fred Huber
|
|
Pinch Hitting: SHB Marvin Lawrence
|
0-0: Ball 1-0: Called Strike 1-1: Foul Ball, location: 2F 1-2: Hit by Pitch
|
|
Batting: LHB Frank Olivo
|
0-0: Ball 1-0: Foul Ball, location: 2F 1-1: Ball 2-1: Foul Ball, location: 2F 2-2: Fielders Choice at 2nd, 6-4 (Groundball, 6, EV 101.9 MPH)
|
|
Pinch Hitting: SHB Ben Ervin
|
0-0: Ball 1-0: Called Strike 1-1: Ball 2-1: Swinging Strike 2-2: Ball 3-2: Base on Balls Frank Olivo to second
|
|
Pitching: RHP Dennis Beals
|
|
|
Pinch Runner at 2nd Zack Guillen:
|
|
|
Batting: RHB Roberto Morales
|
0-0: Ball 1-0: Called Strike 1-1: Foul Ball, location: 2F 1-2: Foul Ball, location: 2F 1-2: Hit by Pitch Zack Guillen to third Ben Ervin to second
|
|
Pinch Hitting: LHB David Moore
|
0-0: Foul Ball, location: 2F 0-1: Foul Ball, location: 2F 0-2: Ball 1-2: GRAND SLAM HOME RUN (Line Drive, 9D, EV 99.4 MPH), Distance : 404 ft
|
|
Batting: RHB Matt Hinkle
|
0-0: Ball 1-0: Swinging Strike 1-1: Ball 2-1: Ball 3-1: SINGLE (Line Drive, 78S, EV 98.1 MPH)
|
|
Batting: RHB Tony Nunez
|
0-0: Ball 1-0: Ball Matt Hinkle steals 2nd base 2-0: Ball 3-0: Base on Balls
|
|
Batting: RHB Dave Burwell
|
0-0: 3-RUN HOME RUN (Flyball, 9LD, EV 100.6 MPH), Distance : 387 ft
|
|
Pitching: RHP Joe Zeiset
|
|
|
Pinch Hitting: RHB Ted Emmerich
|
0-0: Ball 1-0: Ball 2-0: Ball 3-0: Foul Ball, location: 2F 3-1: Fly out, F8 (Flyball, 8RD, EV 106.2 MPH)
|
|
Batting: SHB Marvin Lawrence
|
0-0: Foul Ball, location: 2F 0-1: Foul Ball, location: 2F 0-2: DOUBLE (Flyball, 78XD, EV 113.1 MPH)
|
|
Batting: LHB Zack Guillen
|
0-0: Ball 1-0: Foul Ball, location: 2F 1-1: Swinging Strike 1-2: Ball 2-2: Strikes out swinging passed ball, reaches first! Marvin Lawrence to third
|
|
Batting: SHB Ben Ervin
|
0-0: Called Strike 0-1: Ball 1-1: Ball 2-1: Foul Ball, location: 2F 2-2: Ball 3-2: Fly out, F7 (Flyball, 7D, EV 101.2 MPH)
|
| Top of the 8th over - 7 runs, 4 hits, 0 errors, 2 left on base; Pawtucket 7 - Columbus 0 |
| BOTTOM OF THE 8TH |
|
Columbus Clippers batting - Pitching for Pawtucket Red Sox : RHP Roberto Morales
|
|
Now at C: David Moore
|
|
|
Now at 1B: Tony Nunez
|
|
|
Now at 3B: Ben Ervin
|
|
|
Now at SS: Gus Cruz
|
|
|
Now in LF: Marvin Lawrence
|
|
|
Now in CF: Ted Emmerich
|
|
|
Batting: RHB Kyle Scruggs
|
0-0: Ball 1-0: Ball 2-0: Ground out 6-3 (Groundball, 6, EV 98.8 MPH)
|
|
Batting: RHB George Wagner
|
0-0: Called Strike 0-1: Ball 1-1: TRIPLE (Line Drive, 78XD, EV 112.5 MPH)
|
|
Batting: SHB Scott Scott
|
0-0: Called Strike 0-1: Ground out U3 (Groundball, 3L, EV 92.5 MPH)
|
|
Batting: RHB Jason Sher
|
0-0: Called Strike 0-1: Ball 1-1: Ball 2-1: Ball 3-1: Foul Ball, location: 2F 3-2: Foul Ball, location: 2F 3-2: Base on Balls
|
|
Pitching: RHP Danny Klomp
|
|
|
Batting: LHB Jesus Lozano
|
0-0: Ball 1-0: Ball 2-0: Foul Ball, location: 2F 2-1: Called Strike 2-2: Ball 3-2: Foul Ball, location: 2F 3-2: Fly out, F4 (Popup, 3S, EV 83.8 MPH)
|
| Bottom of the 8th over - 0 runs, 1 hit, 0 errors, 2 left on base; Pawtucket 7 - Columbus 0 |
| TOP OF THE 9TH |
|
Pawtucket Red Sox batting - Pitching for Columbus Clippers : RHP Joe Zeiset
|
|
Batting: RHB Roberto Morales
|
0-0: Ball 1-0: Ball 2-0: Called Strike 2-1: Ball 3-1: Ground out 6-3 (Groundball, 56, EV 88.1 MPH)
|
|
Batting: LHB David Moore
|
0-0: Ball 1-0: Ball 2-0: Called Strike 2-1: Ball 3-1: Foul Ball, location: 2F 3-2: Base on Balls
|
|
Pinch Hitting: RHB Andy Garvin
|
0-0: Ball 1-0: Called Strike 1-1: Grounds into double play, 6-4-3 (Groundball, 6, EV 101.9 MPH)
|
| Top of the 9th over - 0 runs, 0 hits, 0 errors, 0 left on base; Pawtucket 7 - Columbus 0 |
| BOTTOM OF THE 9TH |
|
Columbus Clippers batting - Pitching for Pawtucket Red Sox : RHP Danny Klomp
|
|
Now at 2B: Andy Garvin
|
|
|
Batting: LHB Zack Berney
|
0-0: Foul Ball, location: 2F 0-1: Foul Ball, location: 2F 0-2: Ball 1-2: Strikes out looking
|
|
Batting: LHB Zion Davidson
|
0-0: Ground out U3 (Groundball, 3, EV 110.0 MPH)
|
|
Pinch Hitting: RHB Rick O'Reilly
|
0-0: Ball 1-0: Ball 2-0: Foul Ball, location: 2F 2-1: Ground out 5-3 (Groundball, 56, EV 90.0 MPH)
|
| Bottom of the 9th over - 0 runs, 0 hits, 0 errors, 0 left on base; Pawtucket 7 - Columbus 0 |
|